 Dungeon Crawl Stone Soup version 0.18.1-50-g88ac8fd (webtiles) character file.

106 st0uf the Skirmisher (level 4, 0/41 HPs)
             Began as a Minotaur Berserker on Sept 30, 2016.
             Was a Believer of Trog.
             Succumbed to Crazy Yiuf's poison
             ... on level 2 of the Dungeon.
             The game lasted 00:04:14 (1760 turns).

st0uf the Skirmisher (Minotaur Berserker)           Turns: 1760, Time: 00:04:15

Health: 0/41       AC:  7    Str: 21    XL:     4   Next: 55%
Magic:  3/3        EV: 11    Int:  4    God:    Trog [**....]
Gold:   83         SH:  0    Dex: 11    Spells: 0 memorised, 3 levels left

rFire  . . .     SeeInvis .     a - +0 hand axe
rCold  . . .     Gourm    .     q - +0 ring mail
rNeg   . . .     Faith    .     (no shield)
rPois  .         Spirit   .     (helmet restricted)
rElec  .         Dismiss  .     (no cloak)
rCorr  .         Reflect  .     (no gloves)
SustAt .         Harm     .     g - +0 pair of boots
MR     .....                    (no amulet)
Stlth  +.........               (no ring)
                                (no ring)

@: lethally poisoned (0 -> -8), flying, not resistant to hostile enchantments,
very unstealthy
A: retaliatory headbutt, horns 2
a: Berserk, Trog's Hand, Burn Spellbooks, Renounce Religion


You were on level 2 of the Dungeon.
You worshipped Trog.
Trog was pleased with you.
You were hungry.

You visited 1 branch of the dungeon, and saw 2 of its levels.

You collected 83 gold pieces.

Inventory:

Hand Weapons
 a - a +0 hand axe (weapon)
Missiles
 e - 44 arrows
Armour
 g - a +0 pair of boots (worn)
 q - a +0 ring mail (worn)
Scrolls
 b - a scroll of enchant weapon {unknown}
 f - a scroll of magic mapping {unknown}
 i - 4 scrolls of remove curse {unknown}
 j - a scroll of immolation {unknown}
 k - 2 scrolls of identify {unknown}
 l - a scroll of recharging {unknown}
 t - a scroll of noise {unknown}
Potions
 h - a potion of mutation
 n - 2 potions of cure mutation
 o - a potion of invisibility {unknown}
 p - a potion of flight
 r - a potion of lignification {unknown}
 s - a potion of degeneration {unknown}
Comestibles
 c - 5 bread rations
 d - a meat ration
 m - 7 fruits


   Skills:
 * Level 4.6 Fighting
 * Level 4.4 Axes
 + Level 3.9 Armour
 + Level 2.7 Dodging


You had 3 spell levels left.
You didn't know any spells.

Dungeon Overview and Level Annotations

Branches:
Dungeon (2/15)

Altars:
Fedhas


Innate Abilities, Weirdness & Mutations

You reflexively headbutt those who attack you in melee.
You have a pair of horns on your head.


Message History

You kill Crazy Yiuf!
Trog accepts your kill.
* * * LOW HITPOINT WARNING * * *
You feel sick.
Unknown command.
Drink which item? (? for menu, Esc to quit)
It was a potion of mutation.
You feel extremely strange.
You feel stronger.
You feel robust.
You feel yourself wasting away.
* * * LOW HITPOINT WARNING * * *
You feel sick.
Drink which item? (? for menu, Esc to quit)
It was a potion of cure mutation.
It has a very clean taste.
You feel healthier.
You feel frail.
You feel weaker.
* * * LOW HITPOINT WARNING * * *
You feel sick.
Drink which item? (? for menu, Esc to quit)
It was a potion of flight.
You feel very buoyant.
You fly up into the air.
You die...

†_...# P.P..# )....#
#.##'### .......#
.......###♣♣♣♣♣
.......#....♣.♣♣♣ ###
.............♣..♣#...#
............♣♣♣♣@)...#
....>......♣♣ ♣♣#..)#
.......###♣♣ ###
........# ......[.#
........# ###
.......## #.##
.......# #..# ########
##.#


There were no monsters in sight!

Vanquished Creatures
  Crazy Yiuf (D:2)
  3 adders (D:2)
  An ooze (D:2)
  A worm (D:2)
  2 dart slugs (D:2)
  5 giant cockroaches
  4 goblins
  2 hobgoblins
  3 jackals (D:2)
  A ball python (D:2)
  6 bats
  2 giant newts (D:1)
  4 kobolds
  5 rats
40 creatures vanquished.

Notes
Turn   | Place    | Note
--------------------------------------------------------------
     0 | D:1      | st0uf the Minotaur Berserker began the quest for the Orb.
     0 | D:1      | Reached XP level 1. HP: 19/19 MP: 0/0
   367 | D:1      | Reached XP level 2. HP: 27/27 MP: 1/1
   593 | D:2      | Reached ** piety under Trog
   593 | D:2      | Reached XP level 3. HP: 31/33 MP: 2/2
  1656 | D:2      | Reached XP level 4. HP: 36/41 MP: 3/3
  1678 | D:2      | Found a blossoming altar of Fedhas.
  1748 | D:2      | Noticed Crazy Yiuf
  1757 | D:2      | Killed Crazy Yiuf
  1758 | D:2      | Gained mutation: Your muscles are strong. (Str +2) [potion of mutation]
  1758 | D:2      | Gained mutation: You are robust (+10% HP). [potion of mutation]
  1758 | D:2      | Gained mutation: Your body sometimes deteriorates upon taking damage. [potion of mutation]
  1758 | D:2      | HP: 2/45 [poisoned by Crazy Yiuf]
  1759 | D:2      | Lost mutation: Your body sometimes deteriorates upon taking damage. [potion of cure mutation]
  1759 | D:2      | Lost mutation: You are robust (+10% HP). [potion of cure mutation]
  1759 | D:2      | Lost mutation: Your muscles are strong. (Str +2) [potion of cure mutation]
  1760 | D:2      | Succumbed to Crazy Yiuf's poison

Skill      XL: |  1  2  3 |
---------------+----------+-----
Fighting       | 4 |  4.6
Armour         | 3 |  3.9
Axes           | 4 |  4.4
Dodging        | |  2.7

Action                   |  1- 3 |  4- 6 || total
-------------------------+-------+-------++-------
Melee: Hand axe          |    85 |    19 ||   104
       Headbutt          |     9 |     2 ||    11
  Use: Potion            |       |     3 ||     3
  Eat: Chunk             |     2 |       ||     2
Armor: Animal skin       |    17 |       ||    17
       Ring mail         |     9 |     7 ||    16
Dodge: Dodged            |    53 |     8 ||    61
